 Dungeon Crawl Stone Soup version 0.23.0 (webtiles) character file.

Game seed: 6915858493862892674

47509 IcyTea the Markscentaur (level 14, -2/124 HPs)
             Began as a Centaur Hunter on Feb 12, 2019.
             Was an Elder of Okawaru.
             Slain by a stone giant (19 damage)
             ... on level 10 of the Dungeon.
             The game lasted 00:59:17 (16375 turns).

IcyTea the Markscentaur (Centaur Hunter)           Turns: 16375, Time: 00:59:17

Health: -2/124     AC:  7    Str: 29    XL:     14   Next: 8%
Magic:  25/27      EV: 13    Int: 10    God:    Okawaru [****..]
Gold:   307        SH:  2    Dex: 12    Spells: 13/13 levels left

rFire    . . .     SeeInvis .   a - +8 longbow of Deformation {flame, +Inv rElec Str+8 Dex-2}
rCold    . . .     Gourm    .   (shield currently unavailable)
rNeg     . . .     Faith    .   s - +1 robe {MR+}
rPois    .         Spirit   .   v - +2 hat
rElec    +         Reflect  +   (no cloak)
rCorr    .         Harm     .   (no gloves)
MR       ++...                  (no barding)
Stlth    ++........             e - +2 amulet of reflection
HPRegen  0.30/turn              j - ring of magical power
MPRegen  0.20/turn              i - ring of wizardry

@: mighty, heroism, very quick
A: large, hooves 3, deformed body, speed 2, tough skin 3
a: Heroism, Renounce Religion, Evoke Invisibility


You were on level 10 of the Dungeon.
You worshipped Okawaru.
Okawaru was greatly pleased with you.
You were not hungry.

You visited 2 branches of the dungeon, and saw 11 of its levels.
You also visited: Bailey.

You collected 586 gold pieces.
You spent 279 gold pieces at shops.

Inventory:

Hand Weapons
 a - the +8 longbow of Deformation (weapon) {flame, +Inv rElec Str+8 Dex-2}
   (You acquired it on level 9 of the Dungeon)

   It causes projectiles fired from it to burn those they strike, causing extra
   injury to most foes and up to half again as much damage against particularly
   susceptible opponents.
   It affects your strength (+8).
   It affects your dexterity (-2).
   It insulates you from electricity.
   It lets you turn invisible.
 b - the +1 broad axe "Byig Jos" {chaos, rElec}
   (You bought it in a shop on level 9 of the Dungeon)

   Each time it hits an enemy it has a different, random effect.
   It insulates you from electricity.
 m - a +3 war axe
 D - a +2 longbow of flaming
 E - a +1 hand axe of flaming
Missiles
 h - 92 arrows (quivered)
Armour
 s - a +1 robe of magic resistance (worn)
 v - a +2 hat (worn)
 x - +0 ice dragon scales
Jewellery
 e - a +2 amulet of reflection (around neck)
 i - a ring of wizardry (right hand)
 j - a ring of magical power (left hand)
Wands
 k - a wand of random effects (21)
 n - a wand of scattershot (6)
 r - a wand of flame (18)
 C - a wand of clouds (5)
 G - a wand of polymorph (9)
Scrolls
 d - a scroll of amnesia
 g - 3 scrolls of enchant armour
 o - 3 scrolls of fog
 q - 10 scrolls of remove curse
 y - 3 scrolls of teleportation
 z - a scroll of blinking {unknown}
Potions
 c - a potion of invisibility
 l - a potion of mutation {unknown}
 p - a potion of haste
 t - a potion of cancellation
 u - a potion of flight {unknown}
 A - a potion of magic {unknown}
 B - a potion of degeneration {unknown}
 F - 2 potions of resistance
Comestibles
 f - 15 rations
 H - 2 chunks of flesh


   Skills:
 + Level 11.2(16.2) Fighting
 - Level 7.0(12.0) Axes
 - Level 20.2(25.2) Bows
 - Level 3.2(8.2) Armour
 - Level 1.3(6.3) Dodging
 - Level 0.4(5.4) Stealth
 - Level 6.3 Invocations


You had 13 spell levels left.
You didn't know any spells.
Your spell library contained the following spells:

 Spells                   Type           Power        Failure   Level  Hunger
 Ignite Poison            Fire/Tmut/Pois #.......     41%         3    ####...
 Fireball                 Conj/Fire      #.........   98%         5    ######.
 Bolt of Fire             Conj/Fire      #.........   100%        6    #######
 Ring of Flames           Chrm/Fire      #.........   100%        7    #######
 Ignition                 Fire           #.........   100%        8    #######


Dungeon Overview and Level Annotations

Branches:
Dungeon (10/15)            Temple (1/1) D:4            Lair (0/6) D:8
    Orc (0/2) D:10

Altars:
Ashenzari
Cheibriados
Dithmenos
Elyvilon
Fedhas
Gozag
Hepliaklqana
Kikubaaqudgha
Makhleb
Nemelex Xobeh
Okawaru
Qazlal
Ru
Sif Muna
Trog
Uskayaw
Vehumet
Wu Jian
Xom
Yredelemnul
Zin
The Shining One

Shops:
D:5 %   D:9 (


Innate Abilities, Weirdness & Mutations

You have hooves in place of feet.
Armour fits poorly on your strangely shaped body.
You cover ground very quickly.
You have extremely tough skin. (AC +3)


Message History

The stone giant hits you!!
* * * LOW HITPOINT WARNING * * *
There is an open door, spattered with blood here.
You feel very mighty all of a sudden. The stone giant hits you.
* * * LOW HITPOINT WARNING * * *
Firing (i - inventory)
h - 94 arrows (quivered)
Press: ? - help, Shift-Dir - straight line, f - stone giant
Aim: a stone giant You shoot an arrow.
The arrow hits the stone giant!!
The arrow burns the stone giant!
The stone giant is moderately wounded.
Firing (i - inventory)
h - 93 arrows (quivered)
Press: ? - help, Shift-Dir - straight line, f/p - stone giant
Aim: a stone giant (moderately wounded)
You shoot an arrow. The arrow hits the stone giant.
The arrow burns the stone giant.
The stone giant is moderately wounded.
The stone giant hits you!!
You die...

####.#....####'#####'##.##.##....
..........#.#...###...#.##..#....
###.#...##.'..##.....#.###.#....
####.#...#..#.##......#.# #..#+#.
.........#..###.#######.####.#.#.
####.#..##..##..# #..........
##+#..#...##..# #..........
#.....#...#...####[##.#####.#..
#...).#...#..(@Ce..##.# #.#..
#.....#...#...#######.#####....
#.....##'############.#........
###....).......(.....##........
#.....(###.###.###+##........
#....รท.# #.# #.........####..
#####......###.# #.........'.....
...............# #.........##.##.
###....#....##.###.###+##+###....


You could see a stone giant and a deep elf knight.

Vanquished Creatures
  Gastronok (D:8)
  An orc warlord (Bailey)
  A stone giant (D:10)
  A great orb of eyes (D:10)
  A hydra (D:8)
  An ice dragon (D:10)
  A centaur warrior (D:10)
  2 two-headed ogres (D:9)
  A tengu warrior (D:10)
  Pikel (D:8)
  4 orc knights (Bailey)
  A cyclops (D:10)
  A hippogriff (D:7)
  A hornet (D:10)
  A hungry ghost (D:10)
  A wyvern (D:9)
  4 hogs (D:7)
  A human (D:7)
  Edmund (D:4)
  An acid dragon (D:10)
  Purgy (D:4)
  7 orc warriors
  2 slaves (D:8)
  2 black bears
  2 ice beasts
  A sky beast (D:6)
  6 ogres
  A phantom (D:4)
  A necrophage (D:8)
  5 centaurs
  2 crocodiles (D:10)
  4 bullfrogs
  A gnoll sergeant (D:6)
  Blork the orc (D:5)
  A wyvern skeleton (D:8)
  A water moccasin skeleton (D:5)
  3 scorpions
  5 killer bees (D:8)
  A howler monkey (D:8)
  A bullfrog zombie (D:5)
  5 crimson imps
  2 quasits (D:7)
  10 hounds
  3 jellies
  4 orc priests
  A centaur skeleton (D:4)
  8 orc wizards
  2 bullfrog skeletons
  4 iguanas
  Ijyb (D:4)
  5 worker ants
  A hound zombie (D:7)
  A hound skeleton (D:4)
  A worker ant zombie (D:7)
  32 gnolls
  10 adders
  7 shadow imps
  2 oozes (D:2)
  An adder zombie (D:5)
  3 adder skeletons
  3 worms
  5 dart slugs
  5 leopard geckos
  36 orcs
  2 ball pythons
  5 giant cockroaches
  31 goblins
  18 hobgoblins
  17 jackals
  6 kobolds
  12 bats
  3 frilled lizards
  A leopard gecko skeleton (D:6)
  A leopard gecko zombie (D:5)
  8 rats
331 creatures vanquished.

Notes
Turn   | Place    | Note
-------+----------+-------------------------------------------
     0 | D:1      | IcyTea the Centaur Hunter began the quest for the Orb.
     0 | D:1      | Reached XP level 1. HP: 17/17 MP: 1/1
   135 | D:1      | Reached skill level 6 in Bows
   135 | D:1      | Reached XP level 2. HP: 24/24 MP: 2/2
   475 | D:1      | Reached XP level 3. HP: 29/29 MP: 3/3
   824 | D:2      | Reached skill level 7 in Bows
  1152 | D:2      | Reached XP level 4. HP: 15/36 MP: 4/4
  1930 | D:3      | Found a white marble altar of Elyvilon.
  2261 | D:3      | Found a burning altar of Makhleb.
  2271 | D:3      | Reached skill level 8 in Bows
  2436 | D:3      | Reached XP level 5. HP: 39/41 MP: 5/5
  3191 | D:4      | Reached skill level 9 in Bows
  3396 | D:4      | Found a glowing golden altar of the Shining One.
  3685 | D:4      | Noticed Purgy
  3781 | D:4      | Noticed Edmund
  3782 | D:4      | Found a staircase to the Ecumenical Temple.
  3782 | D:4      | Noticed a phantom
  3786 | D:4      | Noticed a black bear
  3792 | D:4      | Noticed Ijyb
  3889 | D:4      | Reached XP level 6. HP: 48/48 MP: 6/6
  3907 | Temple   | Entered the Ecumenical Temple
  3982 | D:4      | Reached skill level 10 in Bows
  3999 | D:4      | Found a snail-covered altar of Cheibriados.
  4274 | D:4      | Killed Ijyb
  4325 | D:4      | Found a basalt altar of Yredelemnul.
  4325 | D:4      | Found a shimmering altar of Xom.
  4363 | D:5      | Entered Level 5 of the Dungeon
  4481 | D:4      | Reached XP level 7. HP: 17/55 MP: 7/7
  4907 | D:4      | Killed Edmund
  5345 | D:5      | Reached skill level 11 in Bows
  5450 | D:5      | Found Ceceitygh's Food Boutique.
  5595 | D:5      | Reached XP level 8. HP: 46/61 MP: 8/8
  5911 | D:5      | Noticed Blork the orc
  6545 | D:5      | Killed Blork the orc
  6545 | D:5      | Reached skill level 12 in Bows
  6783 | D:4      | Killed Purgy
  7224 | D:5      | Reached skill level 13 in Bows
  7852 | D:6      | Reached skill level 14 in Bows
  7873 | D:6      | HP: 3/61 [orc warrior/+0 flail (25)]
  8315 | D:5      | Reached XP level 9. HP: 41/67 MP: 9/9
  8559 | D:5      | Reached skill level 5 in Axes
 10240 | D:7      | Reached skill level 5 in Fighting
 11026 | D:7      | Reached XP level 10. HP: 14/84 MP: 10/10
 11899 | D:8      | Found a staircase to the Lair.
 11936 | D:8      | Noticed Gastronok
 11983 | D:8      | Killed Gastronok
 11983 | D:8      | Reached skill level 15 in Bows
 12210 | D:8      | Noticed an eight-headed hydra
 12266 | D:8      | Killed an eight-headed hydra
 12266 | D:8      | Reached skill level 16 in Bows
 12427 | D:8      | Noticed Pikel
 12499 | D:8      | Killed Pikel
 13042 | D:8      | Found an iron altar of Okawaru.
 13069 | D:8      | Became a worshipper of Warmaster Okawaru
 13438 | D:9      | Noticed a two-headed ogre
 13453 | D:9      | Killed a two-headed ogre
 13453 | D:9      | Reached XP level 11. HP: 65/93 MP: 11/11
 13484 | D:9      | Identified a scroll of acquirement
 13488 | D:9      | Got a bone longbow
 13489 | D:9      | Identified the +8 longbow of Deformation {flame, +Inv rElec
                  | Str+8 Dex-2} (You acquired it on level 9 of the Dungeon)
 13653 | D:9      | Noticed a two-headed ogre
 13665 | D:9      | Killed a two-headed ogre
 13665 | D:9      | Reached * piety under Okawaru
 13665 | D:9      | Reached skill level 17 in Bows
 13721 | D:9      | Found an ancient bone altar of Kikubaaqudgha.
 14035 | D:9      | Found a sparkling altar of Nemelex Xobeh.
 14110 | D:9      | Found Wivior's Antique Weapon Boutique.
 14126 | D:9      | Bought a translucent broad axe for 279 gold pieces
 14126 | D:9      | Identified the +1 broad axe "Byig Jos" {chaos, rElec} (You
                  | bought it in a shop on level 9 of the Dungeon)
 14464 | D:10     | Entered Level 10 of the Dungeon
 14491 | D:10     | Found a staircase to the Orcish Mines.
 14537 | D:10     | Noticed a tengu warrior
 14576 | D:10     | Killed a tengu warrior
 14576 | D:10     | Reached ** piety under Okawaru
 14600 | D:10     | Noticed a centaur warrior
 14602 | D:10     | Killed a centaur warrior
 14602 | D:10     | Reached skill level 18 in Bows
 14735 | D:10     | Noticed a stone giant
 14735 | D:10     | Noticed an ice dragon
 14744 | D:10     | Found a flagged portal.
 14876 | Bailey   | Entered a bailey
 15107 | Bailey   | Noticed an orc knight
 15110 | Bailey   | Noticed an orc knight
 15115 | Bailey   | Killed an orc knight
 15118 | Bailey   | Noticed an orc knight
 15122 | Bailey   | Killed an orc knight
 15127 | Bailey   | Killed an orc knight
 15127 | Bailey   | Reached skill level 19 in Bows
 15236 | Bailey   | Reached *** piety under Okawaru
 15314 | Bailey   | Noticed an orc warlord
 15316 | Bailey   | Noticed an orc knight
 15340 | Bailey   | Killed an orc warlord
 15372 | Bailey   | Killed an orc knight
 15380 | Bailey   | Reached **** piety under Okawaru
 15655 | Bailey   | Found the +10 morningstar "Eos" {elec, Halo rElec}
 15712 | D:10     | Reached skill level 20 in Bows
 15712 | D:10     | Reached XP level 12. HP: 105/105 MP: 15/15
 15713 | D:10     | Reached skill level 10 in Fighting
 15713 | D:10     | Reached XP level 13. HP: 114/114 MP: 17/17
 15787 | D:10     | Killed a stone giant
 15787 | D:10     | Reached XP level 14. HP: 51/122 MP: 18/18
 16048 | D:10     | Received a gift from Okawaru
 16370 | D:10     | Noticed a stone giant
 16375 | D:10     | Slain by a stone giant

Skill      XL: |  1  2  3  4  5  6  7  8  9 10 11 12 13 14 |
---------------+-------------------------------------------+-----
Bows           | 6 7 8 9 10 11 14 16 20 | 20.2
Axes           | 2 4 7 |  7.0
Fighting       | 6 7 9 10 11 | 11.2
Invocations    | 4 6 |  6.3
Armour         | 3 |  3.2
Dodging        | |  1.3
Stealth        | |  0.4

Action                   |  1- 3 |  4- 6 |  7- 9 | 10-12 | 13-15 || total
-------------------------+-------+-------+-------+-------+-------++-------
Melee: Short sword       |    56 |    33 |       |       |       ||    89
       Kick              |     4 |    33 |    77 |    18 |       ||   132
       Hand axe          |       |   165 |   355 |    93 |       ||   613
       Broad axe         |       |       |       |     3 |       ||     3
 Fire: Shortbow          |    93 |    38 |   239 |   120 |       ||   490
       Longbow           |       |       |       |   226 |    39 ||   265
Invok: Heroism           |       |       |       |     1 |     2 ||     3
Evoke: Wand              |       |       |     3 |       |       ||     3
  Use: Scroll            |     4 |     4 |     2 |     7 |     1 ||    18
       Potion            |       |     4 |     2 |     6 |     4 ||    16
  Eat: Chunk             |       |     5 |    13 |    10 |     3 ||    31
       Ration            |       |     1 |     1 |     1 |       ||     3
Armor: Ring mail         |    40 |       |       |       |       ||    40
       Leather armour    |     1 |       |       |       |       ||     1
       Scale mail        |    14 |   116 |   213 |     4 |       ||   347
       Skin              |       |   103 |       |       |       ||   103
       Robe              |       |       |       |    29 |     2 ||    31
Dodge: Dodged            |    53 |   101 |   146 |    72 |     5 ||   377
Block: Other             |       |     1 |    29 |     9 |       ||    39
       Reflection        |       |       |       |     1 |       ||     1
